 Dungeon Crawl Stone Soup version 0.31-a0-819-gf6de2f5ab6 (webtiles) character file.

Game seed: 14673361544812062099

20161 qw the Marksgargoyle (level 12, -11/84 HPs)
             Began as a Gargoyle Hunter on Sept 23, 2023.
             Was an Elder of Okawaru.
             Mangled by a death yak (14 damage)
             ... on level 3 of the Lair of Beasts.
             The game lasted 00:04:10 (10436 turns).

qw the Marksgargoyle (Gargoyle Hunter)             Turns: 10436, Time: 00:04:10

Health: -11/84     AC: 19    Str: 14    XL:     12   Next: 76%
Magic:  19/19      EV: 18    Int: 12    God:    Okawaru [****..]
Gold:   598        SH:  0    Dex: 19    Spells: 11/11 levels left

rFire   . . .        Y - +2 arbalest
rCold   + . .        (shield currently unavailable)
rNeg    + . .        q - +2 robe {rC+}
rPois   inf          u - +2 hat
rElec   +            c - +1 cloak {rCorr}
rCorr   +            (no gloves)
SInv    .            p - +0 pair of boots
Will    .....        s - amulet of the acrobat
Stlth   ++++         g - +4 ring of slaying {mikee}
HPRegen 0.34/turn    (no ring)
MPRegen 0.16/turn

%: acrobat
@: about to teleport, heroic
A: sickness immunity, AC +8, negative energy resistance 1, electricity
resistance, torment resistance 1, petrification resistance, thin skeletal
structure 1, robust 1
a: Renounce Religion, Heroism, Finesse


You were on level 3 of the Lair of Beasts.
You worshipped Okawaru.
Okawaru was greatly pleased with you.
You visited 2 branches of the dungeon, and saw 13 of its levels.

You collected 598 gold pieces.


Innate Abilities, Weirdness & Mutations

You are immune to sickness and miasma.
Your stone body is resilient. (AC +8)
You are immune to poison.
You resist negative energy. (rN+)
You are resistant to electric shocks. (rElec)
You are resistant to unholy torment.
You are immune to petrification.
You have a somewhat thin skeletal structure. (Dex +2, Stealth+)
You are robust. (+10% HP)


   Skills:
 - Level 10.1(15.1) Fighting
 + Level 15.7(20.7) Ranged Weapons
 - Level 3.1(8.1) Armour
 - Level 5.0(10.0) Dodging
 - Level 1.1(6.1) Stealth
 + Level 9.5 Invocations


You had 11 spell levels left.
You didn't know any spells.
Your spell library was empty.

Inventory:

Hand Weapons
 Y - a +2 arbalest (weapon)
Armour
 c - a +1 cloak of preservation (worn)
 p - a +0 pair of boots (worn)
 q - a +2 robe of cold resistance (worn)
 r - +0 steam dragon scales
 u - a +2 hat (worn)
Jewellery
 a - a ring of ice
 g - a +4 ring of slaying (left hand) {mikee}
 s - an amulet of the acrobat (around neck)
Wands
 t - a wand of digging (7)
Scrolls
 d - a scroll of identify
Potions
 b - a potion of haste
 e - a potion of berserk rage {unknown}
 f - a potion of mutation
 h - 4 potions of curing
 j - a potion of lignification {unknown}
 k - a potion of enlightenment
 l - 5 potions of heal wounds
 m - a potion of cancellation {unknown}
 n - a potion of brilliance {unknown}
 o - a potion of magic {unknown}

Dungeon Overview and Level Annotations

Branches:
Dungeon (10/15)            Temple (0/1) D:6            Lair (3/5) D:9
  Swamp (0/4) Lair:2
  Snake: Lair:2-3    Spider: Lair:2-3       Orc: D:9-12

Altars:
Dithmenos
Kikubaaqudgha
Makhleb
Nemelex Xobeh
Okawaru
Qazlal
Uskayaw
Wu Jian
Xom
The Shining One

Annotations:
D:7 exclusion: moth of wrath


Message History

The bolt hits the death yak but does no damage.
The death yak is almost dead.
The death yak gores you but does no damage.
The death yak closely misses you.
You shoot a bolt. The bolt hits the death yak!!!
You kill the death yak!
Okawaru is honoured by your kill. The death yak gores you!!
You shoot a bolt. The bolt hits the elephant!!
The elephant is almost dead.
The elephant tramples you but does no damage.
The elephant closely misses you. The death yak gores you.
The elephant tramples something!
The elephant trunk-slaps something.
You shoot a bolt. The bolt hits the elephant!!
You kill the elephant!
Okawaru accepts your kill. The death yak completely misses you.
You shoot a bolt. The bolt hits the death yak!
The death yak is moderately wounded.
The death yak gores you but does no damage.
The death yak gores you!!
You shoot a bolt. The bolt barely misses the death yak.
The bolt hits the elephant but does no damage.
The death yak completely misses you.
You shoot a bolt. The bolt hits the death yak!
The death yak is moderately wounded.
The death yak gores you! The death yak gores you.
You shoot a bolt.
The bolt completely misses the death yak.
The death yak gores you but does no damage.
The death yak closely misses you.
You shoot a bolt. The bolt barely misses the death yak.
The death yak gores you!
The death yak gores you but does no damage.
The death yak gores you!
10436 ||| READING scroll of teleportation.
As you read the scroll of teleportation, it crumbles to dust.
You feel strangely unstable. The death yak gores you!
You die...

### ## ####### ######.### ###
#..######.##..###.#...#%.##..##.#
.................................
.................................
...........................#.....
...#########...Y.Y.........+..#..
.. ##...Y#Y#.#.#.%......Y. .
#...YY@#######.......Y. ########
#........Y #.....Y... . . ## #.#^
.


You could see 3 death yaks and 3 elephants.

Vanquished Creatures
  Gastronok (Lair:2)
  Fannar (Lair:1)
  Erica (D:8)
  A ghost crab (Lair:2)
  4 two-headed ogres
  3 death yaks (Lair:3)
  3 spectral hydras (Lair:2)
  Maurice (D:9)
  2 elephants
  Maggie (D:10)
  A cane toad (Lair:1)
  Jeremiah (D:7)
  Psyche (D:9)
  A komodo dragon (Lair:2)
  Prince Ribbit (D:5)
  3 hornets
  14 blink frogs
  A spectral elephant (Lair:2)
  2 wraiths (D:9)
  Eustachio (D:4)
  3 yaks (Lair:1)
  2 wyverns (Lair:1)
  A basilisk (Lair:2)
  A spectral komodo dragon (Lair:2)
  Edmund (D:5)
  6 water moccasins
  An ice beast (D:6)
  2 orc warriors
  3 black bears
  An ogre (D:4)
  2 sky beasts
  3 centaurs
  A phantom (D:7)
  5 bullfrogs
  A gnoll sergeant (D:10)
  A scorpion (D:6)
  9 wights
  14 killer bees
  A howler monkey (D:8)
  5 hounds
  A gnoll bouda (D:5)
  4 orc priests
  A jelly (D:4)
  Terence (D:3)
  2 iguanas
  A sleepcap (D:6)
  10 orc wizards
  A mummy (D:5)
  10 gnolls
  15 adders
  3 shadow imps
  5 white imps
  An ufetubus (D:4)
  A dart slug (D:1)
  27 orcs
  7 ball pythons
  7 bats
  2 endoplasms
  6 giant cockroaches
  3 goblins
  4 hobgoblins
  3 jackals (D:1)
  3 quokkas
  4 frilled lizards
  A hobgoblin zombie (D:5)
  3 kobolds
  An orc zombie (D:5)
  5 rats
239 creatures vanquished.

Notes
Turn   | Place    | Note
-------+----------+-------------------------------------------
     0 | D:1      | qw the Gargoyle Hunter began the quest for the Orb.
     0 | D:1      | Reached XP level 1. HP: 12/12 MP: 1/1
     0 | D:1      | 0 ||| qw: Version: 0.3-a-83-gcd0e7d8
     0 | D:1      | 0 ||| qw: Game counter: 1699
     0 | D:1      | 0 ||| qw: Melee chars always use a shield: true
     0 | D:1      | 0 ||| qw: God list: Okawaru
     0 | D:1      | 0 ||| qw: Allow faded altars: false
     0 | D:1      | 0 ||| qw: Do Orc after clearing Dungeon:15 true
     0 | D:1      | 0 ||| qw: Do second Lair branch before Depths: true
     0 | D:1      | 0 ||| qw: Lair rune preference: random
     0 | D:1      | 0 ||| qw: Goals: Normal
     0 | D:1      | 0 ||| PLANNING D:1-11
    53 | D:1      | Reached XP level 2. HP: 15/17 MP: 2/2
   775 | D:1      | 775 ||| UPGRADING to +4 ring of slaying {mikee}.
   776 | D:1      | 776 ||| READING scroll labelled INUTIA FOCWAUT.
   779 | D:1      | 779 ||| READING scroll labelled YRCHEE JAG ROH.
   780 | D:1      | 780 ||| READING scroll labelled ALLIKHOILA.
   781 | D:1      | 781 ||| READING scroll labelled KYICAR NATWUAN.
   782 | D:1      | 782 ||| READING scroll labelled CIC UVEACVESSOT.
   783 | D:1      | 783 ||| DROPPING scroll of butterflies.
   802 | D:2      | Reached XP level 3. HP: 21/21 MP: 3/3
   959 | D:2      | Found an ancient bone altar of Kikubaaqudgha.
   963 | D:2      | Reached skill level 5 in Ranged Weapons
  1622 | D:2      | 1622 ||| DRINKING 2 ruby potions.
  1640 | D:3      | Noticed Terence
  1641 | D:3      | 1641 ||| STAIRDANCE
  1645 | D:2      | Reached skill level 3 in Fighting
  1645 | D:2      | Reached XP level 4. HP: 23/28 MP: 4/4
  1672 | D:3      | HP: 5/28 [Terence/+0 hand axe (3)]
  1673 | D:3      | 1673 ||| DRINKING potion of heal wounds.
  1674 | D:3      | Killed Terence
  1743 | D:3      | Found a shadowy altar of Dithmenos.
  2225 | D:3      | 2225 ||| UPGRADING to +0 ring mail.
  2235 | D:3      | 2235 ||| DROPPING +0 leather armour.
  2236 | D:3      | 2236 ||| READING scroll labelled WEEPLU TERAPTU.
  2253 | D:3      | 2253 ||| READING scroll labelled ZEAPUE NAOK ILA.
  2254 | D:3      | 2254 ||| READING 3 scrolls labelled UCHILI PANEKH.
  2255 | D:3      | 2255 ||| DROPPING 2 scrolls of fear.
  2313 | D:4      | Reached skill level 1 in Armour
  2313 | D:4      | Reached XP level 5. HP: 30/32 MP: 5/5
  2376 | D:4      | Noticed Eustachio
  2391 | D:4      | 2391 ||| Stepping ~*~*~tactically~*~*~ (retreating).
  2392 | D:4      | 2392 ||| Stepping ~*~*~tactically~*~*~ (retreating).
  2393 | D:4      | 2393 ||| Stepping ~*~*~tactically~*~*~ (retreating).
  2394 | D:4      | 2394 ||| Stepping ~*~*~tactically~*~*~ (retreating).
  2395 | D:4      | 2395 ||| Stepping ~*~*~tactically~*~*~ (retreating).
  2396 | D:4      | 2396 ||| Stepping ~*~*~tactically~*~*~ (retreating).
  2397 | D:4      | 2397 ||| Stepping ~*~*~tactically~*~*~ (retreating).
  2431 | D:4      | 2431 ||| RETREEAATING.
  2435 | D:4      | 2435 ||| Stepping ~*~*~tactically~*~*~ (retreating).
  2443 | D:4      | HP: 8/32 [ufetubus[Eustachio] (2)]
  2451 | D:4      | HP: 8/32 [shadow imp[Eustachio] (1)]
  2452 | D:4      | Killed Eustachio
  2453 | D:4      | Reached skill level 6 in Ranged Weapons
  2453 | D:4      | Reached XP level 6. HP: 10/37 MP: 6/6
  2453 | D:4      | 2453 ||| FLEEEEING.
  2454 | D:4      | 2454 ||| FLEEEEING.
  2455 | D:4      | 2455 ||| FLEEEEING.
  2456 | D:4      | 2456 ||| FLEEEEING.
  2457 | D:4      | 2457 ||| FLEEEEING.
  2459 | D:4      | 2459 ||| FLEEEEING.
  2460 | D:4      | 2460 ||| FLEEEEING.
  2461 | D:4      | 2461 ||| FLEEEEING.
  2462 | D:4      | 2462 ||| FLEEEEING.
  2464 | D:4      | 2464 ||| STAIRDANCE
  2555 | D:3      | 2555 ||| READING scroll labelled OMYITO NOLA.
  2619 | D:4      | Noticed a water moccasin
  2620 | D:4      | 2620 ||| RETREEAATING.
  2631 | D:4      | Killed a water moccasin
  2632 | D:4      | Reached skill level 7 in Ranged Weapons
  2632 | D:4      | Reached XP level 7. HP: 23/44 MP: 7/7
  3326 | D:4      | Found a stormy altar of Qazlal.
  3470 | D:4      | 3470 ||| UPGRADING to +1 cloak of preservation.
  3514 | D:5      | Entered Level 5 of the Dungeon
  3515 | D:5      | 3515 ||| PLANNING OSSUARY
  3698 | D:5      | Noticed Edmund
  3713 | D:5      | HP: 3/44 [Edmund/+4 flail of protection (10)]
  3714 | D:5      | 3714 ||| READING scroll of teleportation.
  3716 | D:5      | Killed Edmund
  3717 | D:5      | Reached skill level 8 in Ranged Weapons
  4093 | D:5      | Found a burning altar of Makhleb.
  4114 | D:5      | Found an iron altar of Okawaru.
  4119 | D:5      | Noticed Prince Ribbit
  4133 | D:5      | 4133 ||| Stepping ~*~*~tactically~*~*~ (retreating).
  4138 | D:5      | Reached XP level 8. HP: 45/49 MP: 8/8
  4143 | D:5      | Killed Prince Ribbit
  4152 | D:5      | 4152 ||| SWAPPING to +0 arbalest.
  4156 | D:5      | Reached skill level 9 in Ranged Weapons
  4157 | D:5      | 4157 ||| DROPPING +0 shortbow.
  4200 | D:5      | 4200 ||| RIP OSSUARY
  4288 | D:5      | 4288 ||| PLANNING OKAWARU WORSHIP
  4288 | D:5      | 4288 ||| READING scroll labelled ZETHRY USSUXEL.
  4289 | D:5      | 4289 ||| READING scroll labelled XEELUA WOOPP.
  4290 | D:5      | 4290 ||| DRINKING 3 amethyst potions.
  4318 | D:5      | Became a worshipper of Warmaster Okawaru
  4319 | D:5      | 4319 ||| PLANNING D:1-11
  4656 | D:6      | Found a staircase to the Ecumenical Temple.
  4660 | D:6      | Reached skill level 6 in Fighting
  4763 | D:6      | 4763 ||| Stepping ~*~*~tactically~*~*~ (retreating).
  4765 | D:6      | 4765 ||| Stepping ~*~*~tactically~*~*~ (retreating).
  4774 | D:6      | Reached * piety under Okawaru
  4775 | D:6      | 4775 ||| INVOKING Heroism.
  4777 | D:6      | Reached skill level 10 in Ranged Weapons
  4778 | D:6      | Reached XP level 9. HP: 32/56 MP: 6/9
  5060 | D:6      | Found a shimmering altar of Xom.
  5085 | D:6      | 5085 ||| FLEEEEING.
  5139 | D:6      | Reached skill level 1 in Invocations
  5205 | D:6      | Found an ornate altar of the Wu Jian Council.
  5208 | D:6      | Found a hide-covered altar of Uskayaw.
  5438 | D:6      | Found a glowing golden altar of the Shining One.
  5606 | D:6      | 5606 ||| DRINKING 2 coppery potions.
  5637 | D:7      | 5637 ||| STAIRDANCE
  5642 | D:7      | 5642 ||| STAIRDANCE
  5648 | D:6      | 5648 ||| INVOKING Heroism.
  5734 | D:7      | 5734 ||| STAIRDANCE
  5788 | D:7      | Reached skill level 3 in Invocations
  5792 | D:7      | 5792 ||| INVOKING Heroism.
  5936 | D:7      | Reached skill level 11 in Ranged Weapons
  5982 | D:7      | 5982 ||| UPGRADING to +0 pair of boots.
  5987 | D:7      | 5987 ||| DRINKING 2 bubbling inky potions.
  5988 | D:7      | 5988 ||| DROPPING potion of degeneration.
  5993 | D:7      | 5993 ||| INVOKING Heroism.
  6055 | D:6      | Found a sparkling altar of Nemelex Xobeh.
  6107 | D:7      | 6107 ||| INVOKING Heroism.
  6109 | D:7      | Reached skill level 3 in Armour
  6247 | D:7      | Noticed Jeremiah
  6266 | D:7      | 6266 ||| INVOKING Heroism.
  6270 | D:7      | HP: 14/57 [Jeremiah/divine providence (12)]
  6271 | D:7      | 6271 ||| DRINKING 3 potions of heal wounds.
  6273 | D:7      | 6273 ||| DRINKING 2 potions of heal wounds.
  6277 | D:7      | Killed Jeremiah
  6399 | D:7      | You fall into a shaft and drop 3 floors!
  6399 | D:10     | Entered Level 10 of the Dungeon
  6409 | D:10     | 6409 ||| RETREEAATING.
  6410 | D:10     | 6410 ||| STILL RETREEAATING.
  6414 | D:10     | Noticed Maggie
  6417 | D:10     | Reached XP level 10. HP: 63/63 MP: 13/13
  6418 | D:10     | 6418 ||| Stepping ~*~*~tactically~*~*~ (retreating).
  6421 | D:10     | Reached ** piety under Okawaru
  6424 | D:10     | 6424 ||| INVOKING Heroism.
  6427 | D:10     | Killed Maggie
  6476 | D:10     | 6476 ||| INVOKING Heroism.
  6565 | D:10     | 6565 ||| UPGRADING to +2 robe of cold resistance.
  6575 | D:10     | 6575 ||| DROPPING +0 ring mail.
  6612 | D:9      | Found an ancient bone altar of Kikubaaqudgha.
  6649 | D:9      | Noticed a two-headed ogre
  6650 | D:9      | 6650 ||| INVOKING Heroism.
  6655 | D:9      | Killed a two-headed ogre
  6736 | D:9      | Noticed Maurice
  6742 | D:9      | Killed Maurice
  6743 | D:9      | Reached skill level 12 in Ranged Weapons
  6845 | D:9      | Noticed a two-headed ogre
  6846 | D:9      | 6846 ||| INVOKING Heroism.
  6856 | D:9      | Killed a two-headed ogre
  6856 | D:9      | Reached *** piety under Okawaru
  6862 | D:9      | Reached skill level 13 in Ranged Weapons
  7131 | D:7      | Noticed a moth of wrath
  7209 | D:8      | Noticed Erica
  7210 | D:8      | 7210 ||| INVOKING Heroism.
  7213 | D:8      | Killed Erica
  7214 | D:8      | Reached skill level 9 in Fighting
  7217 | D:8      | Noticed a two-headed ogre
  7222 | D:8      | 7222 ||| INVOKING Heroism.
  7225 | D:8      | Killed a two-headed ogre
  7226 | D:8      | Reached XP level 11. HP: 38/71 MP: 11/14
  7428 | D:8      | 7428 ||| Stepping ~*~*~tactically~*~*~ (retreating).
  7429 | D:8      | 7429 ||| Stepping ~*~*~tactically~*~*~ (retreating).
  7430 | D:8      | 7430 ||| Stepping ~*~*~tactically~*~*~ (retreating).
  7431 | D:8      | 7431 ||| Stepping ~*~*~tactically~*~*~ (retreating).
  7442 | D:8      | Reached **** piety under Okawaru
  7780 | D:8      | 7780 ||| UPGRADING to amulet of the acrobat.
  7785 | D:8      | 7785 ||| READING scroll labelled TAUHYAVESE.
  7886 | D:8      | 7886 ||| DRINKING 3 murky sapphire potions.
  7886 | D:8      | Gained mutation: You do not regenerate when monsters are
                  | visible. [potion of mutation]
  7886 | D:8      | Gained mutation: You are strong-willed. (Will+) [potion of
                  | mutation]
  7887 | D:8      | 7887 ||| DRINKING 2 potions of mutation.
  7887 | D:8      | Lost mutation: You do not regenerate when monsters are
                  | visible. [potion of mutation]
  7887 | D:8      | Lost mutation: You are strong-willed. (Will+) [potion of
                  | mutation]
  7887 | D:8      | Gained mutation: You are robust. (+10% HP) [potion of
                  | mutation]
  7887 | D:8      | Gained mutation: You have a somewhat thin skeletal
                  | structure. (Dex +2, Stealth+) [potion of mutation]
  7987 | D:9      | 7987 ||| INVOKING Heroism.
  8117 | D:9      | Found a staircase to the Lair.
  8137 | D:9      | Noticed a two-headed ogre
  8138 | D:9      | 8138 ||| INVOKING Heroism.
  8142 | D:9      | Killed a two-headed ogre
  8246 | D:9      | Noticed Psyche
  8247 | D:9      | 8247 ||| INVOKING Heroism.
  8250 | D:9      | Killed Psyche
  8327 | D:9      | 8327 ||| PLANNING LAIR
  8327 | D:9      | 8327 ||| DROPPING +6 ring of intelligence.
  8356 | Lair:1   | Entered Level 1 of the Lair of Beasts
  8357 | Lair:1   | 8357 ||| INVOKING Heroism.
  8358 | Lair:1   | 8358 ||| STAIRDANCE
  8526 | Lair:1   | 8526 ||| INVOKING Heroism.
  8533 | Lair:1   | Reached skill level 14 in Ranged Weapons
  8544 | Lair:1   | 8544 ||| INVOKING Heroism.
  8617 | Lair:1   | 8617 ||| INVOKING Heroism.
  8899 | Lair:1   | Reached ***** piety under Okawaru
  9019 | Lair:1   | 9019 ||| DRINKING 2 sedimented puce potions.
  9020 | Lair:1   | 9020 ||| DRINKING 5 potions of curing.
  9020 | Lair:1   | 9020 ||| (to cure confusion)
  9021 | Lair:1   | 9021 ||| DRINKING 2 purple potions.
  9022 | Lair:1   | 9022 ||| DROPPING potion of ambrosia.
  9039 | Lair:2   | Noticed Fannar
  9045 | Lair:2   | 9045 ||| STAIRDANCE
  9058 | Lair:1   | 9058 ||| INVOKING Heroism.
  9060 | Lair:1   | Killed Fannar
  9061 | Lair:1   | Reached skill level 6 in Invocations
  9170 | Lair:2   | 9170 ||| INVOKING Heroism.
  9172 | Lair:2   | Noticed Gastronok
  9181 | Lair:2   | Killed Gastronok
  9182 | Lair:2   | Reached XP level 12. HP: 71/84 MP: 14/17
  9247 | Lair:2   | 9247 ||| INVOKING Heroism.
  9255 | Lair:2   | 9255 ||| RETREEAATING.
  9256 | Lair:2   | 9256 ||| Stepping ~*~*~tactically~*~*~ (retreating).
  9258 | Lair:2   | 9258 ||| Stepping ~*~*~tactically~*~*~ (retreating).
  9260 | Lair:2   | 9260 ||| Stepping ~*~*~tactically~*~*~ (retreating).
  9332 | Lair:2   | 9332 ||| INVOKING Heroism.
  9510 | Lair:2   | 9510 ||| READING scroll of enchant weapon.
  9510 | Lair:2   | 9510 ||| ENCHANTING +1 arbalest.
  9533 | Lair:2   | Reached skill level 15 in Ranged Weapons
  9783 | Lair:2   | 9783 ||| INVOKING Heroism.
  9786 | Lair:2   | 9786 ||| RETREEAATING.
  9790 | Lair:2   | 9790 ||| Stepping ~*~*~tactically~*~*~ (retreating).
  9791 | Lair:2   | 9791 ||| Stepping ~*~*~tactically~*~*~ (retreating).
  9793 | Lair:2   | 9793 ||| Stepping ~*~*~tactically~*~*~ (retreating).
  9794 | Lair:2   | 9794 ||| Stepping ~*~*~tactically~*~*~ (retreating).
  9795 | Lair:2   | 9795 ||| Stepping ~*~*~tactically~*~*~ (retreating).
  9796 | Lair:2   | 9796 ||| Stepping ~*~*~tactically~*~*~ (retreating).
  9797 | Lair:2   | 9797 ||| Stepping ~*~*~tactically~*~*~ (retreating).
  9798 | Lair:2   | 9798 ||| Stepping ~*~*~tactically~*~*~ (retreating).
  9800 | Lair:2   | Received a gift from Okawaru
  9810 | Lair:2   | 9810 ||| INVOKING Heroism.
  9964 | Lair:2   | 9964 ||| INVOKING Heroism.
  9979 | Lair:2   | Found a staircase to the Swamp.
  9979 | Lair:2   | Noticed a ghost crab
  9980 | Lair:2   | 9980 ||| Stepping ~*~*~tactically~*~*~ (water).
  9987 | Lair:2   | 9987 ||| RETREEAATING.
 10001 | Lair:2   | 10001 ||| INVOKING Heroism.
 10003 | Lair:2   | Killed a ghost crab
 10318 | Lair:2   | 10318 ||| UPGRADING to +2 hat.
 10356 | Lair:3   | 10356 ||| INVOKING Heroism.
 10360 | Lair:3   | 10360 ||| RETREEAATING.
 10361 | Lair:3   | 10361 ||| STILL RETREEAATING.
 10391 | Lair:3   | Noticed a death yak
 10391 | Lair:3   | Noticed a death yak
 10392 | Lair:3   | 10392 ||| RETREEAATING.
 10394 | Lair:3   | Noticed a death yak
 10395 | Lair:3   | 10395 ||| STILL RETREEAATING.
 10395 | Lair:3   | Noticed a death yak
 10397 | Lair:3   | Noticed a death yak
 10397 | Lair:3   | 10397 ||| STILL RETREEAATING.
 10402 | Lair:3   | 10402 ||| STILL RETREEAATING.
 10405 | Lair:3   | 10405 ||| INVOKING Heroism.
 10410 | Lair:3   | Killed a death yak
 10411 | Lair:3   | Reached skill level 9 in Invocations
 10412 | Lair:3   | Noticed a death yak
 10415 | Lair:3   | Killed a death yak
 10419 | Lair:3   | 10419 ||| Stepping ~*~*~tactically~*~*~ (retreating).
 10420 | Lair:3   | 10420 ||| Stepping ~*~*~tactically~*~*~ (retreating).
 10421 | Lair:3   | 10421 ||| Stepping ~*~*~tactically~*~*~ (retreating).
 10422 | Lair:3   | 10422 ||| Stepping ~*~*~tactically~*~*~ (retreating).
 10423 | Lair:3   | 10423 ||| Stepping ~*~*~tactically~*~*~ (retreating).
 10424 | Lair:3   | 10424 ||| Stepping ~*~*~tactically~*~*~ (retreating).
 10425 | Lair:3   | 10425 ||| Stepping ~*~*~tactically~*~*~ (retreating).
 10428 | Lair:3   | Killed a death yak
 10435 | Lair:3   | HP: 15/84 [death yak (14)]
 10435 | Lair:3   | HP: 3/84 [death yak (12)]
 10436 | Lair:3   | 10436 ||| READING scroll of teleportation.
 10436 | Lair:3   | Mangled by a death yak

Levels and vault maps discovered:
D:1:      lemuel_arrival_rhombus, layout_basic
D:2:      layout_basic, basic_altar
D:3:      layout_basic, nicolae_dithmenos_shadow_blocks, uniq_terence
D:4:      layout_layer_cave, nicolae_qazlal_eye_of_the_storm,
          hangedman_decor_opposing, uniq_eustachio
D:5:      layout_loops_ring, mainiacjoe_overflow_concentric_impassable,
          bloody_makhleb, nicolae_ossuary_entry_giza, fountainhead,
          roderic_three_in_a_row, uniq_edmund, uniq_prince_ribbit1
D:6:      layout_loops_corners, nicolae_tso_carved_into_rock,
          nicolae_overflow_hidden_temple, minmay_temple_entry_statues_fountains,
          minmay_crystal_water
D:7:      layout_rooms, tgw_trog, uniq_jeremiah
D:8:      layout_rooms, uniq_erica
D:9:      layout_roguey, mainiacjoe_overflow_small_starburst, lair_entry_dummy,
          uniq_psyche, uniq_maurice
D:10:     layout_loops_ring, amethyst_overflow_temple_binary, serial_ice,
          serial_ice_o, serial_ice_g, serial_ice_n, serial_ice_m,
          hangedman_feature_mirror, minivault_8, uniq_maggie
Lair:1:   layout_long_grid, st_stairs_11
Lair:2:   minmay_lair_venomous_thicket, layout_misc_corridors,
          nicolae_swamp_entry_spooky, uniq_fannar, uniq_gastronok
Lair:3:   layout_chaotic_city, nicolae_spider_entry_orb_guardian,
          enter_volcano_4

Skill      XL: |  1  2  3  4  5  6  7  8  9 10 11 12 |
---------------+-------------------------------------+-----
Ranged Weapons | 5 6 7 8 10 11 13 14 15 | 15.7
Fighting       | 3 4 5 6 7 9 10 | 10.1
Armour         | 1 2 3 |  3.1
Dodging        | 2 4 5 |  5.0
Invocations    | 4 7 9 |  9.5
Stealth        | |  1.1

Action                     |  1- 3 |  4- 6 |  7- 9 | 10-12 || total
---------------------------+-------+-------+-------+-------++-------
   Fire: Shortbow          |    97 |   119 |   109 |       ||   325
         Arbalest          |       |       |   178 |   380 ||   558
 Invoke: Heroism           |       |       |     6 |    23 ||    29
    Use: Scroll            |     5 |     4 |     3 |     3 ||    15
         Potion            |     1 |     1 |     5 |     5 ||    12
 Armour: Leather armour    |    31 |     9 |       |       ||    40
         Ring mail         |       |   126 |   119 |    16 ||   261
         Robe              |       |       |       |   142 ||   142
  Dodge: Dodged            |    29 |   148 |    90 |   178 ||   445

Table legend:
 A = Non-vault XP
 B = Vault XP
 C = Vault XP percentage of total XP
 D = Non-vault monster count
 E = Vault monster count
 F = Vault count percentage of total count
                 A         B        C        D         E       F
            +---------+---------+-------+---------+---------+-------
      Total |   18322 |   10480 |  36.4 |     205 |      34 |  14.2
            +---------+---------+-------+---------+---------+-------
        D:1 |      33 |       0 |   0.0 |      18 |       0 |   0.0
        D:2 |      55 |       0 |   0.0 |      13 |       0 |   0.0
        D:3 |      17 |      38 |  69.1 |      11 |       1 |   8.3
        D:4 |     459 |     208 |  31.2 |      15 |       1 |   6.2
        D:5 |     269 |     459 |  63.0 |      18 |       5 |  21.7
        D:6 |    1612 |       0 |   0.0 |      37 |       0 |   0.0
        D:7 |    1023 |     377 |  26.9 |      21 |       1 |   4.5
        D:8 |    1890 |     850 |  31.0 |      17 |       1 |   5.6
        D:9 |    3399 |     849 |  20.0 |      15 |       2 |  11.8
       D:10 |     453 |     436 |  49.0 |       9 |       3 |  25.0
     Lair:1 |    3981 |    1576 |  28.4 |      17 |       3 |  15.0
     Lair:2 |    2052 |    5687 |  73.5 |       9 |      17 |  65.4
     Lair:3 |    3079 |       0 |   0.0 |       5 |       0 |   0.0
            +---------+---------+-------+---------+---------+-------
